 Dungeon Crawl Stone Soup version 0.31.0-9-g3a7656b989 (webtiles) character file.

Game seed: 17941352540508215498

82266 James the Severer (level 15, -1/120 (147) HPs)
             Began as a Minotaur Fighter on Jan 31, 2024.
             Was an Initiate of Gozag.
             Collided with a stone wall (3 damage)
             ... after being knocked back by a rakshasa
             ... on level 3 of the Abyss.
             The game lasted 01:18:56 (27694 turns).

James the Severer (Minotaur Fighter)               Turns: 27694, Time: 01:18:57

HP:   -1/120 (147)  AC: 27    Str: 25    XL:     15   Next: 29%
MP:   14/14         EV: 13    Int:  5    God:    Gozag
Gold: 1507          SH:  0    Dex: 17    Spells: 14/14 levels left

rFire   + . .        b - +0 battleaxe (heavy)
rCold   . . .        (shield currently unavailable)
rNeg    + . .        Y - +4 chain mail of Generosity {Will+ Dex+4 Slay+2}
rPois   .            D - +2 hat {Will+}
rElec   .            h - +2 cloak {Stlth+}
rCorr   .            m - +0 pair of gloves
SInv    .            S - +0 pair of boots
Will    +++..        s - amulet of the acrobat Stlth
                     i - ring of protection from fire
HPRegen 0.40/turn    q - ring of positive energy
MPRegen 0.14/turn

%: acrobat
@: gold aura, hasted, heavily drained, very quick
A: horns 2, retaliatory headbutt
a: Renounce Religion, Potion Petition, Call Merchant, Bribe Branch


You were on level 3 of the Abyss.
You worshipped Gozag.
Gozag was most pleased with you.
You visited 4 branches of the dungeon, and saw 20 of its levels.
You visited the Abyss 2 times.
You also visited: Sewer.

You collected 6288 gold pieces.
You spent 1896 gold pieces at shops.
You paid 2885 gold pieces to Gozag.

Inventory:

Hand Weapons
 a - a +3 war axe of flaming
   (You bought it in a shop on level 14 of the Dungeon)
 b - a +0 heavy battleaxe (weapon)
   (You found it on level 14 of the Dungeon)
 j - a +1 trident of holy wrath
   (You found it in a sewer)
 o - a +0 broad axe
   (You found it on level 9 of the Dungeon)
 F - a +2 war axe of freezing
   (You took it off an orc warrior on level 2 of the Orcish Mines)
Missiles
 v - 46 poisoned darts
 A - 3 atropa-tipped darts
 O - 6 javelins (quivered)
 Q - 5 curare-tipped darts {!f}
 V - 24 boomerangs
 Z - 3 throwing nets {!f}
Armour
 e - the +4 plate armour of the Insatiable Ships {Str+2}
   (You bought it in a shop on level 2 of the Orcish Mines)

   Str+2:     It affects your strength (+2).
 g - the +1 cloak of Mysmui {+Blink rCorr Str-5 Stlth+}
   (You bought it in a shop on level 2 of the Orcish Mines)

   Str-5:     It affects your strength (-5).
   +Blink:    It lets you blink.
   rCorr:     It protects you from acid and corrosion.
   Stlth+:    It makes you more stealthy.
 h - a +2 cloak of stealth (worn)
   (You bought it in a shop on level 2 of the Orcish Mines)
 m - a +0 pair of gloves (worn)
   (You found it in a sewer)
 D - a +2 hat of willpower (worn)
   (You took it off Gastronok on level 9 of the Dungeon)
 L - a +2 ring mail of cold resistance
   (You took it off a deep elf pyromancer on level 15 of the Dungeon)
 S - a +0 pair of boots (worn)
   (You found it on level 10 of the Dungeon)
 Y - the +4 chain mail of Generosity (worn) {Will+ Dex+4 Slay+2}
   (You found it on level 12 of the Dungeon)

   Dex+4:     It affects your dexterity (+4).
   Slay+2:    It affects your accuracy & damage with ranged weapons and melee
   (+2).
   Will+:     It increases your willpower.
Magical Staves
 k - a staff of air
   (You found it on level 7 of the Dungeon)
Jewellery
 i - a ring of protection from fire (left hand)
   (You found it on level 2 of the Dungeon)
 q - a ring of positive energy (right hand)
   (You found it on level 8 of the Dungeon)
 s - an amulet of the acrobat (around neck)
   (You bought it in a shop on level 15 of the Dungeon)
 z - a ring of see invisible
   (You found it on level 8 of the Dungeon)
 M - a ring of willpower
   (You found it on level 7 of the Dungeon)
 W - a ring of poison resistance
   (You found it on level 5 of the Dungeon)
Wands
 c - a wand of polymorph (3)
   (You found it on level 1 of the Elven Halls)
 u - a wand of paralysis (17)
   (You found it on level 7 of the Dungeon)
 y - a wand of roots (19)
   (You found it on level 8 of the Dungeon)
 T - a wand of quicksilver (13)
   (You found it on level 9 of the Dungeon)
Scrolls
 l - a scroll of enchant weapon {unknown}
 n - a scroll of fog {unknown}
 p - a scroll of blinking
 x - a scroll of amnesia {unknown}
 E - 7 scrolls of teleportation {@r4}
 H - 2 scrolls of fear
 I - 2 scrolls of enchant armour
 N - a scroll of acquirement {unknown}
 U - a scroll of revelation {unknown}
Potions
 d - 3 potions of might
 f - 3 potions of mutation {!q}
 r - 4 potions of heal wounds {@q2}
 t - a potion of experience {unknown}
 w - 3 potions of magic
 B - 3 potions of resistance
 C - 2 potions of haste {@q3}
 G - a potion of enlightenment {unknown}
 J - a potion of cancellation {unknown}
 K - a potion of ambrosia {unknown}
 P - 5 potions of degeneration {unknown}
 R - 3 potions of curing {@q1}
 X - 3 potions of berserk rage


   Skills:
 + Level 17.4 Fighting
 - Level 20.0 Axes
 + Level 17.4 Armour
 - Level 8.0 Dodging
 - Level 5.0 Shields


You had 14 spell levels left.
You didn't know any spells.
Your spell library contained the following spells:

 Spells                   Type           Power      Damage    Failure   Level
 Apportation              Tloc           0%         N/A       85%         1
 Necrotise                Necr           0%         1d4       85%         1
 Sting                    Conj/Alch      0%         1d3       85%         1
 Summon Small Mammal      Summ           0%         N/A       85%         1
 Call Imp                 Summ           0%         N/A       94%         2
 Jinxbite                 Hex            0%         N/A       94%         2
 Lesser Beckoning         Tloc           0%         N/A       94%         2
 Mercury Vapours          Alch/Air       0%         N/A       94%         2
 Sublimation of Blood     Necr           0%         N/A       94%         2
 Gell's Gravitas          Tloc           0%         N/A       99%         3
 Hailstorm                Conj/Ice       0%         3d5       99%         3
 Mephitic Cloud           Conj/Alch/Air  0%         N/A       99%         3
 Summon Ice Beast         Ice/Summ       0%         N/A       99%         3
 Teleport Other           Tloc           0%         N/A       99%         3
 Volatile Blastmotes      Fire/Tloc      0%         2d10      99%         3
 Animate Armour           Summ/Erth      0%         N/A       100%        4
 Brom's Barrelling Bould  Conj/Erth      0%         2d3       100%        4
 Ignite Poison            Fire/Alch      0%         N/A       100%        4
 Olgreb's Toxic Radiance  Alch           0%         N/A       100%        4
 Summon Lightning Spire   Summ/Air       0%         N/A       100%        4
 Borgnjor's Vile Clutch   Necr/Erth      0%         N/A       100%        5
 Fireball                 Conj/Fire      0%         3d3       100%        5
 Freezing Cloud           Conj/Ice/Air   0%         6-21      100%        5
 Iskenderun's Battlesphe  Conj           0%         2d6       100%        5
 Lee's Rapid Deconstruct  Erth           0%         3d4*      100%        5
 Summon Mana Viper        Hex/Summ       0%         N/A       100%        5
 Yara's Violent Unravell  Hex/Alch       0%         3d3       100%        5
 Conjure Ball Lightning   Conj/Air       0%         3x3d6     100%        6
 Death Channel            Necr           0%         N/A       100%        6
 Sculpt Simulacrum        Ice/Alch       0%         N/A       100%        6
 Enfeeble                 Hex            0%         N/A       100%        7
 Orb of Destruction       Conj           0%         9d5       100%        7
 Summon Hydra             Summ           0%         N/A       100%        7
 Animate Dead             Necr           Unusable   N/A       N/A         4

Dungeon Overview and Level Annotations

Branches:
Dungeon (15/15)            Temple (1/1) D:4            Lair (0/5) D:11
    Orc (2/2) D:9             Elf (2/3) Orc:2        Vaults (0/5) D:13
 Depths (0/4) D:15          Sewer (visited)

Altars:
Ashenzari
Cheibriados
Dithmenos
Elyvilon
Fedhas
Gozag
Hepliaklqana
Kikubaaqudgha
Makhleb
Nemelex Xobeh
Okawaru
Qazlal
Ru
Sif Muna
Trog
Uskayaw
Vehumet
Wu Jian
Xom
Yredelemnul
Zin
The Shining One

Shops:
D:14 (   D:15 =   Orc:2 (:[[   Elf:1 (   Elf:2 =(

Annotations:
D:11 exclusion: downstairs
Elf:2 1 runed translucent door


Innate Abilities, Weirdness & Mutations

You have a pair of horns on your head.
You reflexively headbutt those who attack you in melee.


Message History

Unknown command.
Unknown command.
You carve the laughing skull like a ham!!!
You destroy the laughing skull!
The laughing skull shimmers and vanishes!
You chop the laughing skull into pieces!!!
You destroy the laughing skull!
You slice the laughing skull!! The laughing skull barely misses you.
You furiously retaliate!
You headbutt the laughing skull!
You destroy the laughing skull!
The laughing skull gibbers with scorn.
The bolt of negative energy misses you.
The rakshasa hits you from afar with a +0 trident.
* * * LOW HITPOINT WARNING * * *
You cut the raiju into ribbons!!!
You kill the raiju!
The laughing skull cackles spitefully.
The bolt of negative energy hits you! You partially resist.
You feel drained.
* * * LOW HITPOINT WARNING * * *
The rakshasa hits you from afar with a +0 trident.
* * * LOW HITPOINT WARNING * * *
Found 34 gold pieces.
The laughing skull closely misses you. You furiously retaliate!
You headbutt the laughing skull!!
You destroy the laughing skull!
The raiju misses you. You furiously retaliate!
You headbutt the raiju.
You see here 18 gold pieces.
Unknown command.
You hit the rakshasa but do no damage. You hit the raiju.
The rakshasa hits you with a +0 trident.
* * * LOW HITPOINT WARNING * * *
The raiju barely misses you.
You closely miss the rakshasa. You headbutt the rakshasa!
You closely miss the raiju.
A starcursed mass comes into view.
The rakshasa hits you but does no damage.
You hit the rakshasa but do no damage. You headbutt the rakshasa.
You carve the raiju like a ham!!!
You kill the raiju!
The raiju's corpse shimmers and vanishes!
A starcursed mass splits.
The starcursed mass shrieks in your mind.
* * * LOW HITPOINT WARNING * * *
You closely miss the rakshasa. The rakshasa gestures at you.
The lance of force hits you!!
* * * LOW HITPOINT WARNING * * *
You are knocked back by the lance of force.
You slam into the stone wall!
You die...
Your body crumbles into a pile of gold.

. ..# ## ..
.##. ..# .
. ..# .#
....#.
#.##.# #
....##....#
..X$.....#
#§§...##
#§$.$R.###
#$.#@$...##
#.$##....#
#..#
.#.....
#### .#
...§ .# #..
.# . $. .#


You could see a starcursed mass and a rakshasa.

Vanquished Creatures
  Gastronok (D:9)
  A tentacled starspawn (Abyss:2)
  Agnes (D:14)
  Kirke (D:13)
  2 orc warlords
  A stone giant (D:13)
  Azrael (D:14)
  A yellow draconian (Abyss:2)
  2 ettins (D:13)
  Josephine (D:13)
  The ghost of Philosiphyzer the Grappler, a journeyman TrMo of Wu Jian (Orc:1)
  A deep elf high priest (Elf:1)
  A fire dragon (D:15)
  2 ogre magi (Orc:2)
  An ice dragon (D:15)
  A hydra (D:13)
  A two-headed ogre (shapeshifter) (Elf:1)
  3 centaur warriors
  A death knight (D:15)
  Erica (Orc:2)
  16 two-headed ogres
  6 dancing weapons
  An orc high priest (Orc:2)
  Sonja (D:9)
  4 deep elf knights
  2 deep trolls
  5 deep elf archers
  An arcanist (D:13)
  3 starcursed masses (Abyss:3)
  5 orc knights
  A phantasmal warrior (D:15)
  10 deep elf pyromancers
  8 deep elf zephyrmancers
  3 orc sorcerers (Orc:1)
  7 cyclopes
  6 manticores
  A meliai (shapeshifter) (D:13)
  Joseph (D:12)
  A smoke demon (Abyss:2)
  A black mamba (shapeshifter) (Elf:1)
  4 gargoyles
  2 freezing wraiths
  An efreet (Abyss:2)
  5 large abominations
  2 unseen horrors
  7 trolls (Orc:2)
  The ghost of Prykner the Slasher, an amateur MfGl (D:4)
  A hornet (D:11)
  A wolf spider simulacrum (D:14)
  A raiju (Abyss:3)
  9 slime creatures
  A jumping spider (shapeshifter) (Elf:1)
  A spriggan (shapeshifter) (D:15)
  A vampire (D:12)
  A shadow (D:9)
  The ghost of ripuliukko the Digger, an amateur GrEE (D:3)
  10 wraiths
  4 fire elementals
  3 yaks (shapeshifter) (Elf:1)
  A basilisk (shapeshifter) (Elf:1)
  A wyvern (D:10)
  6 hogs
  5 vampire mosquitoes
  A neqoxec (Abyss:2)
  A chaos spawn (Abyss:2)
  A steam dragon (D:9)
  5 wargs
  An acid dragon (shapeshifter) (D:14)
  2 acid dragons
  The ghost of Voland the Gusty, an amateur TeAE (D:3)
  3 hell hounds (D:14)
  28 orc warriors
  6 ice beasts
  A sky beast (D:7)
  A black bear (D:5)
  5 laughing skulls
  A black bear (shapeshifter) (Elf:1)
  22 ogres
  11 centaurs
  The ghost of Quickbrownfox the Chiller, an amateur OpIE (D:3)
  4 bullfrogs
  4 kobold brigands
  6 small abominations
  A gnoll sergeant (D:7)
  A scorpion (D:6)
  5 wights (D:7)
  14 killer bees
  5 howler monkeys
  5 hounds
  A bombardier beetle (D:3)
  22 orc priests
  An iron imp (Abyss:2)
  3 jellies
  A sleepcap (D:6)
  2 gnoll boudas
  An iguana (D:6)
  25 orc wizards
  15 gnolls
  11 adders
  2 river rats (D:4)
  A white imp (Abyss:2)
  2 ufetubi (Abyss:2)
  9 dart slugs
  2 ribbon worms
  75 orcs
  2 bats
  15 endoplasms
  18 giant cockroaches
  3 goblins
  4 hobgoblins
  3 jackals (D:3)
  2 quokkas (D:1)
  3 training dummies (Elf:2)
  8 ball pythons
  12 frilled lizards
  26 kobolds
  13 rats
  A starspawn tentacle (Abyss:2)
596 creatures vanquished.

Vanquished Creatures (others)
  An arcanist (D:8)
  An orc wizard (Orc:2)
  A kobold (D:9)
  A starspawn tentacle (Abyss:2)
4 creatures vanquished.

Grand Total: 600 creatures vanquished

Notes
Turn   | Place    | Note
-------+----------+-------------------------------------------
     0 | D:1      | James the Minotaur Fighter began the quest for the Orb.
     0 | D:1      | Reached XP level 1. HP: 19/19 MP: 0/0
    95 | D:1      | Reached skill level 3 in Axes
   106 | D:1      | Reached XP level 2. HP: 26/26 MP: 1/1
   753 | D:2      | Reached skill level 4 in Axes
   794 | D:2      | Found a faded altar of an unknown god.
   928 | D:2      | Reached XP level 3. HP: 31/31 MP: 2/2
  1013 | D:2      | Reached skill level 5 in Axes
  1576 | D:3      | Reached XP level 4. HP: 39/39 MP: 3/3
  1959 | D:3      | Found a runed translucent gate.
  1959 | D:3      | Found a runed translucent gate.
  1959 | D:3      | Found a runed translucent gate.
  1963 | D:3      | Noticed ripuliukko's ghost (amateur GrEE)
  1963 | D:3      | Noticed Voland's ghost (amateur TeAE)
  1963 | D:3      | Noticed Quickbrownfox's ghost (amateur OpIE)
  2116 | D:3      | Reached skill level 6 in Axes
  2380 | D:3      | Found a shimmering altar of Xom.
  2695 | D:4      | Reached XP level 5. HP: 42/45 MP: 4/4
  2724 | D:4      | Found a glowing drain.
  2732 | Sewer    | Entered a sewer
  2829 | Sewer    | Reached skill level 7 in Axes
  3010 | Sewer    | Reached XP level 6. HP: 47/52 MP: 5/5
  3577 | D:4      | Found a staircase to the Ecumenical Temple.
  3592 | Temple   | Entered the Ecumenical Temple
  3603 | Temple   | Became a worshipper of Gozag Ym Sagoz the Greedy
  3649 | D:4      | Found a runed translucent door.
  3666 | D:4      | Found a runed translucent door.
  3666 | D:4      | Noticed Prykner's ghost (amateur MfGl)
  4024 | D:5      | Entered Level 5 of the Dungeon
  4035 | D:5      | Reached skill level 5 in Fighting
  4035 | D:5      | Reached skill level 5 in Armour
  4035 | D:5      | Reached skill level 5 in Shields
  4035 | D:5      | Reached XP level 7. HP: 61/61 MP: 6/6
  4185 | D:5      | Reached skill level 8 in Axes
  4545 | D:5      | Reached skill level 9 in Axes
  4644 | D:5      | Found a hazy altar of Hepliaklqana.
  4768 | D:5      | Found a radiant altar of Vehumet.
  4899 | D:5      | Reached XP level 8. HP: 68/68 MP: 7/7
  5251 | D:6      | Reached skill level 10 in Axes
  5575 | D:6      | You fall into a shaft and drop 2 floors!
  5715 | D:6      | Reached skill level 11 in Axes
  5902 | D:6      | Found a basalt altar of Yredelemnul.
  6370 | D:6      | Killed an unseen horror
  6371 | D:6      | Reached skill level 12 in Axes
  6862 | D:7      | Reached XP level 9. HP: 66/74 MP: 8/8
  6950 | D:7      | Reached skill level 13 in Axes
  7395 | D:7      | Found a hide-covered altar of Uskayaw.
  7520 | D:7      | Reached skill level 14 in Axes
  8458 | D:8      | Noticed a gargoyle
  8465 | D:8      | Killed a gargoyle
  8908 | D:8      | Found a bloodstained altar of Trog.
  8910 | D:8      | Noticed a wizard
  8917 | D:8      | Killed a wizard
  9538 | D:9      | Reached XP level 10. HP: 81/86 MP: 9/9
  9596 | D:9      | Found an iron altar of Okawaru.
  9635 | D:9      | Found a staircase to the Orcish Mines.
  9648 | D:9      | Found an ancient bone altar of Kikubaaqudgha.
  9665 | D:9      | Found a stormy altar of Qazlal.
 10010 | D:9      | Noticed a two-headed ogre
 10019 | D:9      | Killed a two-headed ogre
 10173 | D:9      | Noticed a two-headed ogre
 10182 | D:9      | Killed a two-headed ogre
 10196 | D:9      | Found Becisose's Vocational Training.
 10209 | D:9      | Noticed a two-headed ogre
 10219 | D:9      | Killed a two-headed ogre
 10344 | D:9      | Noticed Gastronok
 10365 | D:9      | Killed Gastronok
 10366 | D:9      | Reached skill level 10 in Fighting
 10366 | D:9      | Reached skill level 10 in Armour
 10683 | D:10     | Entered Level 10 of the Dungeon
 10735 | D:10     | Reached XP level 11. HP: 100/100 MP: 10/10
 10863 | D:10     | Found a sacrificial altar of Ru.
 10974 | D:10     | Found a sparkling altar of Nemelex Xobeh.
 11769 | D:11     | Found a staircase to the Lair.
 11992 | D:11     | Noticed a two-headed ogre
 12110 | D:11     | Killed a two-headed ogre
 12111 | D:11     | Reached skill level 15 in Axes
 12320 | D:11     | Reached skill level 1 in Dodging
 12922 | D:12     | Noticed a two-headed ogre
 12930 | D:12     | Killed a two-headed ogre
 12972 | D:12     | Identified the +4 chain mail of Generosity {Will+ Dex+4
                  | Slay+2}
 13526 | D:12     | Identified the +4 short sword "Hiomenya" {freeze, rF- rC+
                  | Will+}
 13991 | D:12     | Noticed Joseph
 14007 | D:12     | Killed Joseph
 14212 | D:3      | Killed Quickbrownfox's ghost
 14217 | D:3      | Killed Voland's ghost
 14223 | D:3      | Killed ripuliukko's ghost
 14347 | D:4      | Killed Prykner's ghost
 14482 | Orc:1    | Entered Level 1 of the Orcish Mines
 14483 | Orc:1    | Noticed Sonja
 14487 | Abyss:2  | Found a corrupted altar of Lugonu.
 14487 | Abyss:2  | Cast into level 2 of the Abyss (Sonja)
 14560 | Abyss:2  | Noticed a large abomination
 14566 | Abyss:2  | Reached XP level 12. HP: 94/113 MP: 11/11
 14782 | Abyss:2  | Found a corrupted altar of Lugonu.
 14787 | Abyss:2  | Noticed a yellow draconian
 14793 | Abyss:2  | Noticed a tentacled starspawn
 14807 | Abyss:2  | Killed a tentacled starspawn
 14808 | Abyss:2  | Reached skill level 16 in Axes
 14827 | Abyss:2  | Killed a yellow draconian
 14894 | Orc:1    | Escaped the Abyss
 15166 | D:9      | Killed Sonja
 15468 | Orc:1    | Noticed an orc warlord
 15504 | D:9      | Killed an orc warlord
 16068 | Orc:2    | Entered Level 2 of the Orcish Mines
 17094 | Orc:2    | Reached XP level 13. HP: 124/124 MP: 12/12
 17116 | Orc:2    | Found a staircase to the Elven Halls.
 17215 | Orc:2    | Reached skill level 17 in Axes
 17331 | Orc:2    | Found Ocwefuq's Weapon Boutique.
 17331 | Orc:2    | Found Bud Fewn's Book Shoppe.
 17445 | Orc:2    | Reached skill level 15 in Fighting
 17445 | Orc:2    | Reached skill level 15 in Armour
 18386 | Orc:2    | Found Jeabret's Antique Armour Shoppe.
 18396 | Orc:2    | Found Keonk's Armour Emporium.
 18587 | Orc:1    | Noticed Erica
 18664 | Orc:2    | Killed Erica
 18815 | Orc:1    | Reached skill level 18 in Axes
 18881 | Orc:1    | Found a large runed translucent door.
 18881 | Orc:1    | Found a large runed translucent door.
 18885 | Orc:1    | Noticed Philosiphyzer's ghost (journeyman TrMo)
 18968 | Orc:1    | Paralysed by an orc sorcerer for 5 turns
 19064 | Orc:2    | Bought a warped cloak for 247 gold pieces
 19064 | Orc:2    | Identified the +1 cloak of Mysmui {+Blink rCorr Str-5
                  | Stlth+} (You bought it in a shop on level 2 of the Orcish
                  | Mines)
 19064 | Orc:2    | Bought a fine plate armour for 728 gold pieces
 19064 | Orc:2    | Identified the +4 plate armour of the Insatiable Ships
                  | {Str+2} (You bought it in a shop on level 2 of the Orcish
                  | Mines)
 19066 | Orc:2    | Bought an embroidered cloak for 195 gold pieces
 19223 | D:13     | Noticed Josephine
 19421 | D:13     | Killed Josephine
 19499 | D:12     | HP: 4/128 [freezing wraith (18)]
 19967 | D:13     | Reached XP level 14. HP: 124/136 MP: 13/13
 20274 | D:13     | Found a gate to the Vaults.
 20520 | D:13     | Noticed an orc warlord
 20660 | D:13     | Killed an orc warlord
 20941 | D:13     | Noticed a stone giant
 20961 | D:13     | Killed a stone giant
 21316 | D:13     | Found a gate to the Vaults.
 22109 | Orc:1    | Killed Philosiphyzer's ghost
 22413 | D:14     | Noticed Kirke
 22427 | D:13     | Reached skill level 5 in Dodging
 22547 | D:13     | Killed Kirke
 22608 | D:14     | Reached skill level 19 in Axes
 22678 | D:14     | Noticed Agnes
 22693 | D:14     | Killed Agnes
 23180 | D:14     | Noticed Azrael
 23187 | D:14     | Killed Azrael
 23409 | D:14     | Bought a +3 war axe of flaming for 396 gold pieces
 23416 | D:15     | Entered Level 15 of the Dungeon
 24175 | D:15     | Reached skill level 20 in Axes
 24314 | D:15     | Found a staircase to the Depths.
 24634 | D:15     | Bought an amulet of the acrobat for 330 gold pieces
 24819 | Elf:1    | Entered Level 1 of the Elven Halls
 25964 | Elf:1    | Found Puagguv's Antique Weapon Shop.
 26293 | Elf:1    | Reached XP level 15. HP: 70/146 MP: 14/14
 26591 | Elf:1    | Got the Spellbook of Called Pyromania
 26851 | Elf:2    | Found a radiant altar of Vehumet.
 26866 | Elf:2    | Identified the +2 leather armour "Weaxkifeh" {Int+3}
 26897 | Elf:2    | Found Loqer's Jewellery Shop.
 27188 | Elf:2    | Identified the +1 chain mail "Eteutah" {SInv}
 27497 | Elf:2    | Found Okkooj Morao's Firing Range.
 27497 | Elf:2    | Found a runed translucent gate.
 27533 | Abyss:3  | Cast into level 3 of the Abyss (+2 halberd of distortion)
 27694 | Abyss:3  | HP: 2/120 [rakshasa/lance of force (21)]
 27694 | Abyss:3  | Collided with a stone wall

Illustrated notes

Levels and vault maps discovered:
D:1:      psy_arrival_whirlpool, layout_basic, st_stairs_4
D:2:      wad_pebble_path, layout_basic, hellmonk_ecumenical_altar_run_dry,
          amcnicky_mini_rare_corridor_liquid, minmay_misc_feat_room,
          serial_bayou_pond_b
D:3:      layout_basic, xom_butterflies, gammafunk_ghost_cemetery,
          minmay_misc_feat_ornament, minmay_puff
D:4:      layout_gridville, minmay_temple_entry_proselytizer,
          lightli_sewer_entry_pipes, ebering_ghost_sewer_f
D:5:      layout_rooms, mainiacjoe_overflow_paths, lemuel_tele_altar,
          minmay_hedge_maze
D:6:      layout_basic, lemuel_crystal_altar, serial_bayou_pond_e
D:7:      layout_layer_cave, lemuel_round_altar
D:8:      layout_loops_corners, trog_wizard, kennysheep_generic_room_10
D:9:      layout_stronghold, mainiacjoe_overflow_24_doors,
          mainiacjoe_overflow_small_starburst, kennysheep_okawaru_gauntlet,
          orc_0_dummy, dk_noncrumbling_4, nicolae_shop_vocational,
          uniq_gastronok
D:10:     layout_roguey, nemelex_spade_bored_becter,
          nicolae_ru_the_path_less_chosen, hangedman_abyss_or_decor_clamps,
          minmay_misc_feat_tiny
D:11:     layout_basic, lair_entry_dummy, minivault_24
D:12:     layout_gridville, minmay_sticks_and_stones
D:13:     lemuel_ice_spiral_1, layout_long_grid,
          hellmonk_guarded_unrand_dark_maul, uniq_josephine
D:14:     layout_rooms, hangedman_decor_opposing, uniq_agnes, uniq_azrael,
          uniq_kirke
D:15:     grunt_enter_depths_hoard, layout_basic, nrook_campfire
Temple:   jpeg_temple_clearing
Orc:1:    layout_caves, ebering_ghost_disaster_area, uniq_erica, uniq_sonja
Orc:2:    st_orc_open, layout_caves
Elf:1:    layout_gridlike, serial_shops, nicolae_square_shop,
          nicolae_elf_shapeshifter_party
Elf:2:    nicolae_elf_blades_splatter_lattice
          [nicolae_blade_entry_diamond_columns], layout_geoelf_grid,
          basic_altar, serial_shops, shop, nicolae_shop_firing_range
Abyss:3:  base: Orc:1, hangedman_abyss_or_decor_stagger,
          hangedman_decor_peaks_small

Skill      XL: |  1  2  3  4  5  6  7  8  9 10 11 12 13 14 15 |
---------------+----------------------------------------------+-----
Axes           | 3 4 5 6 7 9 12 14 15 16 18 20 | 20.0
Fighting       | 4 5 7 10 12 14 15 16 17 | 17.4
Armour         | 4 5 7 10 12 14 15 16 17 | 17.4
Shields        | 4 5 |  5.0
Dodging        | 3 4 7 8 |  8.0

Action                     |  1- 3 |  4- 6 |  7- 9 | 10-12 | 13-15 || total
---------------------------+-------+-------+-------+-------+-------++-------
  Melee: War axe           |    17 |       |       |       |   339 ||   356
         Headbutt          |     6 |    10 |    53 |   142 |   174 ||   385
         Hand axe          |    58 |   145 |   291 |   486 |       ||   980
         Broad axe         |       |       |       |   148 |   117 ||   265
         Morningstar       |       |       |       |       |     4 ||     4
         Battleaxe         |       |       |       |       |   133 ||   133
  Throw: Dart              |     3 |     3 |     3 |    12 |       ||    21
         Javelin           |       |       |       |     6 |     4 ||    10
 Invoke: Potion Petition   |       |       |       |     1 |     2 ||     3
         Call Merchant     |       |       |       |       |     2 ||     2
  Evoke: Wand              |       |       |       |     2 |     4 ||     6
    Use: Scroll            |       |     5 |     2 |     5 |     7 ||    19
         Potion            |       |       |       |     3 |     3 ||     6
   Stab: Invisible         |       |     1 |       |       |     1 ||     2
         Distracted        |       |       |     2 |     2 |     6 ||    10
         Paralysed         |       |       |       |       |     4 ||     4
 Armour: Scale mail        |    31 |    68 |    35 |       |       ||   134
         Chain mail        |       |       |   163 |   231 |   553 ||   947
         Plate armour      |       |       |     9 |   135 |       ||   144
         Skin              |       |       |       |    27 |       ||    27
  Dodge: Dodged            |    29 |    49 |    62 |   177 |   314 ||   631
  Block: Buckler           |    13 |    26 |    64 |   106 |   117 ||   326
